AoeStats
← the_bgrad

Arabia

509156752Analyzed
1v1 RM · 6d ago on Sep 25, 2026· 50m 24s· 2 players
Game mode
Random Map
Map size
Tiny (2 player)
Population
200
Speed
Normal
Resources
Standard
Victory
Conquest
Starting age
Dark Age
Ending age
Imperial Age
RankedLock teamsTeams togetherTeam positionsShared explorationLock speedFull tech treeHidden civsTurbo modeCheats
Victory
Defeat
🇪🇸 Italians · Spain
818
+18
🇨🇱 Spanish · Chile
858
-18
Lober23
6:47 Loom
9:01 Feudal Age
15:20 Castle Age
14:47 Stone Mining
14:45 Double-Bit Axe
17:14 Bow Saw
17:43 Stone Shaft Mining
20:04 Gold Mining
31:34 Town Watch
33:19 Fletching
33:30 Padded Archer Armor
33:21 Horse Collar
36:34 Imperial Age
34:39 Bodkin Arrow
35:29 Heavy Plow
36:35 Thumb Ring
36:55 Town Patrol
37:49 Leather Archer Armor
37:35 Bracer
38:39 Chemistry
38:45 Elite Skirmisher
40:06 Ring Archer Armor
41:06 Wheelbarrow
42:11 Two-Man Saw
41:56 Crop Rotation
42:55 Ballistics
42:47 Masonry
42:32 Murder Holes
42:20 Treadmill Crane
42:54 Elite Genoese Crossbowman
46:23 Hoardings
48:00 Conscription
the_bgrad
3:11 Loom
10:52 Feudal Age
12:38 Double-Bit Axe
15:00 Loom
19:15 Castle Age
18:11 Loom
19:03 Wheelbarrow
21:19 Bow Saw
23:17 Horse Collar
31:30 Imperial Age
29:09 Stone Mining
29:09 Gold Mining
29:49 Ballistics
30:13 Heavy Plow
30:21 Scale Barding Armor
Connection lost

Rejoining the realm…

Still unreachable

The connection could not be restored.

Session expired

The server has moved on; the page needs a fresh start.